 Dungeon Crawl Stone Soup version 0.29-a0-219-g0a02b1cf4f (webtiles) character file.

Game seed: 9632206993456546993

248128 lunkers the Sharpshooter (level 18, -4/168 HPs)
             Began as a Demigod Hunter on Feb 24, 2022.
             Shot with a bolt by a yaktaur (9 damage)
             ... led by a vault warden
             ... on level 2 of the Vaults on Feb 26, 2022.
             The game lasted 01:28:03 (44164 turns).

lunkers the Sharpshooter (Demigod Hunter)          Turns: 44164, Time: 01:28:04

Health: -4/168     AC: 28    Str: 13    XL:     18   Next: 17%
Magic:  21/21      EV: 26    Int: 15    God:
Gold:   2522       SH:  0    Dex: 45    Spells: 17/17 levels left

rFire   . . .      SeeInvis +   a - +10 arbalest "Xoorarchy" {flame, Int+2 Dex+8}
rCold   . . .      Faith    .   (shield currently unavailable)
rNeg    + . .      Spirit   .   z - +9 scale mail "Ezuzun" {Will++ Str-4}
rPois   +          Reflect  .   G - +2 hat
rElec   .          Harm     .   y - +2 cloak
rCorr   .          Rampage  .   f - +0 pair of gloves "Heeloem" {Dex+3 Slay+2 SInv}
Will    ++++.                   Y - +0 pair of boots
Stlth   ++........              (no amulet)
HPRegen 0.38/turn               r - ring of poison resistance
MPRegen 0.17/turn               W - ring of Lugoam {rN+ Will+}

@: about to teleport
A: high MP 1, forlorn, divine attributes
}: 2/15 runes: barnacled, gossamer
a: no special abilities


You were on level 2 of the Vaults.
You visited 6 branches of the dungeon, and saw 33 of its levels.
You also visited: Bailey.

You collected 3324 gold pieces.
You spent 802 gold pieces at shops.

Inventory:

Hand Weapons
 a - the +10 arbalest "Xoorarchy" (weapon) {flame, Int+2 Dex+8}
   (You acquired it on level 7 of the Dungeon)

   Any ammunition fired from it burns those it strikes, dealing additional fire
   damage.
   Int:       It affects your intelligence (+2).
   Dex:       It affects your dexterity (+8).
 b - the +5 triple crossbow of the Turnip {elec, rN+++ Will+ Str-5 Dex-5}
   (You acquired it on level 12 of the Dungeon)

   Any ammunition fired from it occasionally discharges a powerful burst of
   electricity upon striking a foe.
   Str:       It affects your strength (-5).
   Dex:       It affects your dexterity (-5).
   rN:        It renders you almost immune to negative energy.
   Will:      It increases your willpower.
Missiles
 B - 17 throwing nets
Armour
 f - the +0 pair of gloves "Heeloem" (worn) {Dex+3 Slay+2 SInv}
   (You bought it in a shop on level 2 of the Dungeon)

   Dex:       It affects your dexterity (+3).
   Slay:      It affects your accuracy & damage with ranged weapons and melee
   (+2).
   SInv:      It lets you see invisible.
 y - a +2 cloak (worn)
 z - the +9 scale mail "Ezuzun" (worn) {Will++ Str-4}
   (You found it on level 1 of the Shoals)

   Str:       It affects your strength (-4).
   Will:      It greatly increases your willpower.
 G - a +2 hat (worn)
 Y - a +0 pair of boots (worn)
Jewellery
 q - a ring of flight
 r - a ring of poison resistance (left hand)
 R - a ring of positive energy
 T - a ring of protection from fire
 V - the ring "Suissor" {rC++ Int+3 Dex-2 SInv Stlth+}
   (You took it off a merfolk aquamancer on level 4 of the Shoals)

   [ring of see invisible]

   Int:       It affects your intelligence (+3).
   Dex:       It affects your dexterity (-2).
   rC:        It greatly protects you from cold.
   SInv:      It lets you see invisible.
   Stlth:     It makes you more stealthy.
 W - the ring of Lugoam (right hand) {rN+ Will+}
   (You bought it in a shop on level 2 of the Orcish Mines)

   [ring of willpower]

   rN:        It protects you from negative energy.
   Will:      It increases your willpower.
Wands
 C - a wand of flame (28)
 H - a wand of iceblast (13)
 I - a wand of acid (21)
 K - a wand of polymorph (21)
 L - a wand of charming (17)
 P - a wand of paralysis (8)
 Q - a wand of digging (24)
Scrolls
 g - 11 scrolls of identify
 h - a scroll of brand weapon
 j - 4 scrolls of blinking
 k - a scroll of holy word
 l - 4 scrolls of fog
 n - 9 scrolls of enchant weapon
 t - 6 scrolls of enchant armour
 x - 3 scrolls of silence
 D - a scroll of summoning
 E - a scroll of fear
 F - a scroll of vulnerability
 N - 3 scrolls of teleportation
 O - 6 scrolls of magic mapping
Potions
 c - 7 potions of attraction
 d - 12 potions of curing
 e - 6 potions of haste
 i - 3 potions of brilliance
 m - 3 potions of magic
 p - 7 potions of lignification
 u - 2 potions of flight
 v - 3 potions of ambrosia
 A - 3 potions of resistance
 J - 6 potions of might
 M - 5 potions of berserk rage
 S - 2 potions of mutation
 U - 2 potions of heal wounds
 X - 2 potions of cancellation
Miscellaneous
 o - a box of beasts
 s - a lightning rod (4/4)
 w - a phial of floods


   Skills:
 + Level 16.5 Fighting
 * Level 19.9 Crossbows
 + Level 15.6 Armour
 + Level 12.8 Dodging
 - Level 0.8 Stealth
 + Level 8.3 Evocations


You had 17 spell levels left.
You didn't know any spells.
Your spell library contained the following spells:

 Spells                   Type           Power      Damage    Failure   Level
 Animate Skeleton         Necr           0%         N/A       58%         1
 Apportation              Tloc           0%         N/A       58%         1
 Freeze                   Ice            0%         1d3       58%         1
 Pain                     Necr           0%         1d4       58%         1
 Sting                    Tmut/Pois      0%         1d3       58%         1
 Summon Small Mammal      Summ           0%         N/A       58%         1
 Blink                    Tloc           0%         N/A       75%         2
 Corpse Rot               Necr/Air       0%         N/A       75%         2
 Poisonous Vapours        Pois/Air       0%         N/A       75%         2
 Static Discharge         Conj/Air       0%         N/A       75%         2
 Sublimation of Blood     Necr           0%         N/A       75%         2
 Wereblood                Tmut           0%         N/A       75%         2
 Call Canine Familiar     Summ           0%         N/A       92%         3
 Frozen Ramparts          Ice            0%         1d2       92%         3
 Inner Flame              Hex/Fire       0%         N/A       92%         3
 Portal Projectile        Hex/Tloc       0%         N/A       92%         3
 Summon Guardian Golem    Hex/Summ       0%         N/A       92%         3
 Vampiric Draining        Necr           0%         2d6       92%         3
 Animate Dead             Necr           0%         N/A       100%        4
 Cause Fear               Hex            0%         N/A       100%        4
 Fulminant Prism          Conj/Hex       0%         3d6       100%        4
 Hailstorm                Conj/Ice       0%         3d3       100%        4
 Ice Form                 Ice/Tmut       0%         N/A       100%        4
 Iskenderun's Mystic Bla  Conj/Tloc      0%         2d3       100%        4
 Leda's Liquefaction      Hex/Erth       0%         N/A       100%        4
 Olgreb's Toxic Radiance  Pois           0%         N/A       100%        4
 Summon Ice Beast         Ice/Summ       0%         N/A       100%        4
 Agony                    Necr           0%         N/A       100%        5
 Excruciating Wounds      Necr           0%         N/A       100%        5
 Iskenderun's Battlesphe  Conj           0%         2d6       100%        5
 Lee's Rapid Deconstruct  Erth           0%         3d5*      100%        5
 Lightning Bolt           Conj/Air       0%         1d11      100%        5
 Manifold Assault         Tloc           0%         N/A       100%        5
 Summon Forest            Summ/Tloc      0%         N/A       100%        5
 Summon Mana Viper        Hex/Summ       0%         N/A       100%        5
 Iron Shot                Conj/Erth      0%         9d1       100%        6
 Summon Cactus Giant      Summ           0%         N/A       100%        6
 Haunt                    Necr/Summ      0%         N/A       100%        7
 Spellforged Servitor     Conj/Summ      0%         N/A       100%        7
 Storm Form               Tmut/Air       0%         N/A       100%        7
 Summon Hydra             Summ           0%         N/A       100%        7
 Discord                  Hex            0%         N/A       100%        8
 Infestation              Necr           0%         N/A       100%        8
 Maxwell's Capacitive Co  Air            0%         ∞         100%        8
 Chain Lightning          Conj/Air       0%         N/A       100%        9
 Fire Storm               Conj/Fire      0%         5d1       100%        9
 Shatter                  Erth           0%         3d5*      100%        9


Dungeon Overview and Level Annotations

Branches:
Dungeon (15/15)            Temple (0/1) D:6            Lair (6/6) D:11
 Shoals (4/4) Lair:3       Spider (4/4) Lair:3        Slime (0/5) Lair:6
    Orc (2/2) D:9             Elf (0/3) Orc:2        Vaults (2/5) D:13
  Crypt (0/3) Vaults:2     Bailey (visited)
 Depths: D:15

Shops:
D:2 **?((   Orc:1 =   Orc:2 *=!(

Annotations:
Spider:3 1 runed translucent door, drugrobin's ghost, journeyman DgFi


Innate Abilities, Weirdness & Mutations

You have an increased reservoir of magic. (+10% MP)
You shall have no god before yourself.
Your divine heritage dramatically boosts your attributes as you level up.


Message History

The vault warden is heavily wounded.
The vault warden hits you but does no damage.
The vault warden hits you with a +5 vorpal battleaxe!!
* * * LOW HITPOINT WARNING * * *
* * * LOW HITPOINT WARNING * * *
Shoot: a) +10 arbalest "Xoorarchy" {flame, Int+2 Dex+8}
Press: ? - help, Q - select action, (/) - cycle Shift-Dir - straight line, f - vault warden
Aim: a vault warden, wielding a +1 halberd of protection and wearing a +0 chain mail (almost dead, 81% to hit)
You shoot a bolt. The bolt hits the vault warden!
The bolt burns the vault warden.
The vault warden is severely wounded.
The vault warden hits you from afar with a +1 halberd of protection!
* * * LOW HITPOINT WARNING * * *
The vault warden hits you with a +5 vorpal battleaxe!
* * * LOW HITPOINT WARNING * * *
* * * LOW HITPOINT WARNING * * *
Shoot: a) +10 arbalest "Xoorarchy" {flame, Int+2 Dex+8}
Press: ? - help, Q - select action, (/) - cycle Shift-Dir - straight line, f/p - vault warden
Aim: a vault warden, wielding a +1 halberd of protection and wearing a +0 chain mail (almost dead, 81% to hit)
You shoot a bolt. The bolt hits the vault warden.
The bolt burns the vault warden.
The vault warden is severely wounded.
The vault warden hits you but does no damage.
The yaktaur shoots a bolt.
The bolt completely misses you.
The vault warden hits you with a +5 vorpal battleaxe!
* * * LOW HITPOINT WARNING * * *
* * * LOW HITPOINT WARNING * * *
The yaktaur shoots a bolt.
The bolt hits you but does no damage.
The yaktaur shoots a bolt.
The bolt hits you but does no damage.
The vault warden hits you from afar with a +1 halberd of protection!
* * * LOW HITPOINT WARNING * * *
The vault warden activates a sealing rune.
The yaktaur shoots a bolt.
The bolt misses you.
The yaktaur shoots a bolt.
The bolt misses you.
There is a sealed passage leading down, summoned here.
As you read the scroll of teleportation, it crumbles to dust.
You feel strangely unstable.
The runic seal fades away.
The vault warden activates a sealing rune.
The yaktaur shoots a bolt.
The bolt hits you!
You die...

#.#.#.#.#.## ...........#
.....<.....# #..........#
...........# #..........#
#.#.#.#.#.## #..........#
########### #..........#
#################..........#
#....cp.#.......#..........#
#....cp.#.p.@...#..........#
#)#.#.#.#.#.#.).#....).....# .)
#...cc..#...+..).......# ...
#...cc..#...#..........# ###
#############..........#
#####################..........#
.)...^...................(.......
.........)..................#####
................########+#..#


You could see a vault warden and 3 yaktaurs.

Vanquished Creatures
  Bai Suzhen (Shoals:3)
  Nikola (Spider:4)
  Arachne (Spider:4)
  Rupert (Spider:1)
  A titan (Shoals:4)
  Polyphemus (Shoals:2)
  2 sphinxes
  Frances (Shoals:2)
  Kirke (D:12)
  Gastronok (D:8)
  An emperor scorpion (Spider:2)
  2 vault wardens (Vaults:1)
  3 ghost moths (Spider:4)
  An orc warlord (D:9)
  A curse skull (Vaults:2)
  A broodmother (Spider:4)
  6 ironbound preservers
  3 ironbound thunderhulks
  An entropy weaver (Spider:3)
  4 spark wasps (Spider:4)
  5 merfolk javelineers
  An ettin (Vaults:1)
  8 merfolk impalers
  A fire dragon (Lair:6)
  5 vault guards
  2 yaktaur captains
  15 hydras
  7 merfolk aquamancers
  4 boulder beetles
  13 centaur warriors
  2 ironbound frosthearts (Vaults:1)
  6 jorogumos
  5 merfolk avatars
  A death knight (Vaults:2)
  4 catoblepae
  9 two-headed ogres
  A satyr (Shoals:4)
  6 death yaks
  The ghost of robertstho the Thaumaturge, a novice SpEE of Sif Muna (D:10)
  4 pharaoh ants
  A fire crab (Lair:6)
  4 sun moths
  5 skeletal warriors
  4 steelbarb worms
  A fire crab (shapeshifter) (D:14)
  13 deep trolls
  12 orb spiders
  9 sea snakes
  Lodul (D:13)
  4 wizards
  4 lindwurms (Vaults:1)
  An orc knight (Orc:2)
  5 ironbound convokers
  11 harpies
  17 ugly things
  A necromancer (D:11)
  An orc sorcerer (Orc:2)
  27 wolf spiders
  6 moths of wrath
  An oklob plant (Lair:1)
  8 cyclopes
  10 manticores
  17 fauns
  16 elephants
  4 merfolk sirens
  3 molten gargoyles (Lair:6)
  5 black mambas
  4 vault sentinels
  8 water nymphs
  2 gargoyles
  6 torpor snails
  4 cane toads
  8 demonic crawlers
  21 komodo dragons
  9 yaktaurs
  11 trolls
  A meliai (shapeshifter) (D:12)
  6 meliai
  A tarantella (shapeshifter) (D:13)
  Grinder (D:5)
  29 merfolk
  9 wind drakes
  7 blink frogs (Lair:5)
  A slime creature (Vaults:1)
  17 tarantellas
  A hornet (D:9)
  2 meliai zombies (D:11)
  17 jumping spiders
  7 snapping turtles
  11 dream sheep
  4 flying skulls (D:11)
  4 air elementals (Shoals:4)
  2 shadows (D:11)
  23 culicivoras
  5 wraiths
  15 water elementals
  8 wyverns
  54 yaks
  A vampire (D:14)
  15 basilisks
  A hog (D:12)
  Grum (D:10)
  37 redbacks
  A vampire mosquito (D:12)
  6 wargs
  3 hell hounds (Lair:6)
  5 acid dragons
  14 water moccasins
  Duvessa (D:5)
  36 orc warriors
  5 black bears
  A sky beast (D:6)
  An ice beast (D:5)
  11 ogres
  11 wolves
  A necrophage (D:5)
  31 centaurs
  A phantom (D:5)
  3 kobold brigands
  11 bullfrogs
  A gnoll sergeant (D:10)
  A scorpion (D:6)
  Dowan (D:5)
  5 wights (D:11)
  A howler monkey (D:6)
  An electric eel (Lair:1)
  5 lava snakes (Lair:6)
  7 centaur zombies
  3 hounds
  17 orc priests
  A bullfrog skeleton (D:6)
  A jelly (D:5)
  13 centaur skeletons
  Crazy Yiuf (D:3)
  9 orc wizards
  Natasha (thrice) (D:4)
  10 iguanas
  A killer bee zombie (D:7)
  3 howler monkey zombies
  3 gnolls (D:10)
  11 adders
  2 ufetubi (D:5)
  5 worms
  A dart slug (D:1)
  83 orcs
  6 endoplasms
  4 giant cockroaches
  6 goblins
  12 hobgoblins
  4 jackals (D:2)
  19 kobolds
  7 quokkas
  6 ball pythons
  6 bats
  2 frilled lizards
1081 creatures vanquished.

Vanquished Creatures (others)
  A tarantella (Spider:4)
  6 humans (D:13)
  An orc wizard (D:13)
  A bush (Lair:5)
  13 fungi
  91 plants
  A withered plant (Shoals:1)
114 creatures vanquished.

Grand Total: 1195 creatures vanquished

Notes
Turn   | Place    | Note
-------+----------+-------------------------------------------
     0 | D:1      | lunkers the Demigod Hunter began the quest for the Orb.
     0 | D:1      | Reached XP level 1. HP: 17/17 MP: 3/3
   134 | D:1      | Reached skill level 4 in Crossbows
   204 | D:1      | Reached XP level 2. HP: 24/24 MP: 4/4
   537 | D:2      | Reached XP level 3. HP: 19/29 MP: 5/5
   799 | D:2      | Found Ynneliel's Antique Weapon Shop.
   856 | D:2      | Found Fuonu's Weapon Emporium.
   954 | D:2      | Found Obleu's Magic Scroll Emporium.
  1000 | D:2      | Found Xipnoel's Assorted Antiques.
  1055 | D:2      | Reached skill level 5 in Crossbows
  1117 | D:2      | Found Ocochoi's General Store.
  1592 | D:3      | Reached XP level 4. HP: 36/36 MP: 6/6
  1924 | D:3      | Found a runed translucent door.
  1925 | D:3      | Noticed Crazy Yiuf
  2195 | D:3      | Killed Crazy Yiuf
  2747 | D:4      | Reached skill level 6 in Crossbows
  2747 | D:4      | Reached XP level 5. HP: 41/41 MP: 7/7
  3019 | D:4      | Noticed Natasha
  3027 | D:4      | Killed Natasha
  3130 | D:4      | Noticed Natasha
  3137 | D:4      | Killed Natasha
  3197 | D:4      | Noticed Natasha
  3201 | D:4      | Killed Natasha
  3225 | D:4      | Reached XP level 6. HP: 43/48 MP: 8/8
  3226 | D:4      | Reached skill level 7 in Crossbows
  3966 | D:4      | Reached skill level 8 in Crossbows
  4703 | D:5      | Entered Level 5 of the Dungeon
  4716 | D:5      | Noticed Grinder
  4736 | D:5      | Reached XP level 7. HP: 19/53 MP: 9/9
  4743 | D:5      | Paralysed by Grinder for 5 turns
  4751 | D:5      | Killed Grinder
  5215 | D:5      | Noticed Dowan
  5305 | D:5      | Reached skill level 9 in Crossbows
  5412 | D:5      | Reached XP level 8. HP: 63/63 MP: 10/10
  5531 | D:5      | Noticed Duvessa
  5560 | D:5      | Killed Duvessa
  5595 | D:5      | Killed Dowan
  6467 | D:6      | Reached skill level 10 in Crossbows
  6516 | D:6      | Reached skill level 5 in Fighting
  6850 | D:6      | Found a staircase to the Ecumenical Temple.
  8249 | D:7      | Reached XP level 9. HP: 68/78 MP: 11/11
  8973 | D:7      | Identified a scroll of acquirement
  8973 | D:7      | Acquired the +10 arbalest "Xoorarchy" {flame, Int+2 Dex+8}
  9058 | D:8      | Noticed Gastronok
  9065 | D:8      | Killed Gastronok
  9066 | D:8      | Reached skill level 11 in Crossbows
  9478 | D:9      | Reached XP level 10. HP: 85/90 MP: 13/13
  9538 | D:9      | Reached skill level 12 in Crossbows
 10028 | D:9      | Found a staircase to the Orcish Mines.
 10093 | D:9      | Noticed a two-headed ogre
 10095 | D:9      | Killed a two-headed ogre
 10384 | D:10     | Entered Level 10 of the Dungeon
 10398 | D:10     | Found a flagged portal.
 10408 | D:10     | Noticed Grum
 10412 | D:10     | Reached skill level 13 in Crossbows
 10417 | D:10     | HP: 2/92 [Grum/+0 spear (13)]
 10423 | D:10     | HP: 3/92 [Grum/+0 spear (5)]
 10426 | D:10     | Killed Grum
 10736 | Bailey   | Entered a bailey
 10938 | Bailey   | Upgraded the game from 0.29-a0-214-g17f627cfee to
                  | 0.29-a0-219-g0a02b1cf4f
 10974 | Bailey   | Reached XP level 11. HP: 91/99 MP: 14/14
 10987 | Bailey   | Identified the -5 pair of gloves "Put-Me-On" {Harm rF+ rC+
                  | Will+}
 11118 | Bailey   | Reached skill level 10 in Fighting
 11364 | D:10     | Found a runed translucent door.
 11368 | D:10     | Noticed robertstho's ghost (novice SpEE)
 11381 | D:10     | Noticed a boulder beetle
 11388 | D:10     | Killed a boulder beetle
 12857 | D:11     | Noticed a four-headed hydra
 12860 | D:11     | Killed a four-headed hydra
 12861 | D:11     | Reached skill level 14 in Crossbows
 12901 | D:11     | Reached skill level 1 in Armour
 13135 | D:11     | Found a staircase to the Lair.
 13280 | D:11     | Noticed a skeletal warrior
 13311 | D:11     | Killed a skeletal warrior
 13353 | D:11     | Noticed a necromancer
 13357 | D:11     | Killed a necromancer
 13394 | D:11     | Reached skill level 5 in Armour
 13396 | D:11     | Reached skill level 15 in Crossbows
 13463 | D:11     | Reached XP level 12. HP: 64/110 MP: 15/15
 14065 | Lair:1   | Entered Level 1 of the Lair of Beasts
 14133 | Lair:1   | Noticed a seven-headed hydra
 14140 | Lair:1   | Killed a seven-headed hydra
 14201 | Lair:1   | Noticed a seven-headed hydra
 14204 | Lair:1   | Killed a seven-headed hydra
 14749 | Lair:1   | Found the +1 robe of Vines {NoPotionHeal Regen++++}
 15258 | Lair:2   | Noticed a six-headed hydra
 15262 | Lair:2   | Killed a six-headed hydra
 15322 | Lair:2   | Noticed a six-headed hydra
 15327 | Lair:2   | Killed a six-headed hydra
 15371 | Lair:2   | Noticed a five-headed hydra
 15374 | Lair:2   | Killed a five-headed hydra
 15375 | Lair:2   | Reached skill level 16 in Crossbows
 15416 | Lair:2   | Noticed a seven-headed hydra
 15419 | Lair:2   | Killed a seven-headed hydra
 15502 | Lair:2   | You are sucked into a shaft and drop 2 floors!
 15712 | Lair:3   | Reached XP level 13. HP: 118/118 MP: 16/16
 15730 | Lair:3   | Reached skill level 5 in Dodging
 15898 | Lair:3   | Found a hole to the Spider Nest.
 16364 | Lair:3   | Found a staircase to the Shoals.
 17178 | Lair:4   | Reached skill level 10 in Armour
 18901 | Lair:6   | Entered Level 6 of the Lair of Beasts
 19445 | Lair:6   | Found a large runed translucent door.
 19445 | Lair:6   | Found a large runed translucent door.
 19620 | Lair:6   | Reached XP level 14. HP: 129/129 MP: 17/17
 19820 | Lair:6   | Found a staircase to the Slime Pits.
 20556 | Orc:1    | Entered Level 1 of the Orcish Mines
 20576 | Orc:1    | Noticed an orc warlord
 20592 | D:9      | Killed an orc warlord
 21145 | Orc:1    | Found Mesene's Jewellery Shop.
 21264 | Orc:2    | Entered Level 2 of the Orcish Mines
 21800 | Orc:2    | Found a staircase to the Elven Halls.
 22784 | Orc:2    | Found Susig's Jewellery Shop.
 22784 | Orc:2    | Found Eroetyitz's Distillery.
 22786 | Orc:2    | Found Syjituerr's Antique Weapon Emporium.
 22788 | Orc:2    | Found Lidwe's Assorted Antiques.
 22802 | Orc:2    | Bought the ring of Lugoam {rN+ Will+} for 434 gold pieces
 22806 | Orc:2    | Bought an orange potion for 34 gold pieces
 23010 | D:10     | Killed robertstho's ghost
 23747 | D:12     | Acquired the +5 triple crossbow of the Turnip {elec, rN+++
                  | Will+ Str-5 Dex-5}
 24216 | D:13     | Noticed Kirke
 24318 | D:12     | Noticed a sphinx
 24318 | D:12     | Killed Kirke
 25097 | D:13     | Noticed Lodul
 25099 | D:13     | Killed Lodul
 25541 | D:13     | Found a gate to the Vaults.
 25872 | D:2      | Bought the +0 pair of gloves "Heeloem" {Dex+3 Slay+2 SInv}
                  | for 334 gold pieces
 26693 | D:14     | Reached XP level 15. HP: 43/139 MP: 18/18
 27229 | D:14     | You fall into a shaft and drop 1 floor!
 27229 | D:15     | Entered Level 15 of the Dungeon
 27537 | D:14     | Reached skill level 1 in Evocations
 28005 | Shoals:1 | Entered Level 1 of the Shoals
 28008 | Shoals:1 | Reached skill level 10 in Dodging
 28919 | Shoals:1 | Identified the +9 scale mail "Ezuzun" {Will++ Str-4}
 29007 | Shoals:1 | Reached skill level 17 in Crossbows
 29599 | Shoals:2 | Noticed Polyphemus
 29604 | Shoals:2 | Killed Polyphemus
 29800 | Shoals:2 | Noticed Frances
 29806 | Shoals:2 | Killed Frances
 30643 | Shoals:3 | Reached skill level 15 in Fighting
 30979 | Shoals:3 | Noticed a kraken
 31076 | Shoals:3 | Noticed Bai Suzhen
 31083 | Shoals:3 | Killed Bai Suzhen
 31084 | Shoals:3 | Reached XP level 16. HP: 137/149 MP: 19/19
 31320 | Shoals:4 | Entered Level 4 of the Shoals
 31332 | Shoals:4 | Paralysed by an air elemental for 1 turns
 31357 | Shoals:4 | Paralysed by an air elemental for 1 turns
 31941 | Shoals:4 | Reached skill level 5 in Evocations
 31942 | Shoals:4 | Identified the +1 trident "Gapoij" {vorpal, rN+ Dex+3}
 31971 | Shoals:4 | Reached skill level 18 in Crossbows
 32311 | Shoals:4 | Identified the ring "Suissor" {rC++ Int+3 Dex-2 SInv
                  | Stlth+}
 32320 | Shoals:4 | Paralysed by an air elemental for 1 turns
 32454 | Shoals:4 | Paralysed by an air elemental for 1 turns
 32608 | Shoals:4 | Identified the +11 long sword "Ceerphi" {vorpal, rF- Str+3
                  | Int+4}
 32699 | Shoals:4 | Noticed a titan
 32704 | Shoals:4 | Killed a titan
 32740 | Shoals:4 | Identified the +7 hand crossbow "Igim" {vorpal, rPois rF+++
                  | Str-3 SInv}
 32961 | Shoals:4 | Got a barnacled rune of Zot
 33259 | Spider:1 | Entered Level 1 of the Spider Nest
 33381 | Spider:1 | Noticed Rupert
 33386 | Spider:1 | Killed Rupert
 36828 | Spider:3 | Found a runed translucent door.
 36829 | Spider:3 | Noticed drugrobin's ghost (journeyman DgFi)
 36943 | Spider:3 | Reached XP level 17. HP: 149/157 MP: 20/20
 37482 | Spider:4 | Entered Level 4 of the Spider Nest
 38231 | Spider:4 | Reached skill level 19 in Crossbows
 38298 | Spider:4 | Reached skill level 15 in Armour
 38303 | Spider:4 | Noticed Arachne
 38344 | Spider:4 | Noticed Nikola
 38998 | Spider:4 | Killed Arachne
 39381 | Spider:4 | Killed Nikola
 39747 | Spider:4 | Got a gossamer rune of Zot
 40074 | Vaults:1 | Entered Level 1 of the Vaults
 40634 | Vaults:1 | HP: 6/158 [vault guard/+0 glaive[a vault warden] (28)]
 42644 | Vaults:1 | Reached XP level 18. HP: 114/168 MP: 21/21
 43653 | Vaults:2 | Found a staircase to the Crypt.
 44158 | Vaults:2 | HP: 2/168 [vault warden/+1 halberd of protection (17)]
 44164 | Vaults:2 | Shot with a bolt by a yaktaur

Illustrated notes

Levels and vault maps discovered:
D:1:      evilmike_arrival_hilbert_curve, layout_rooms,
          hellmonk_ecumenical_altar_blasted
D:2:      layout_loops_cross, serial_shops, nicolae_square_shop,
          nicolae_shop_hallway_stairs, shop_statue,
          nicolae_shop_temple_entry_statues_fountains, nicolae_square_shop,
          minmay_heptomino_l4
D:3:      layout_loops_corners, mainiacjoe_overflow_catwalk, lemuel_round_altar,
          minmay_misc_feat_tiny, minmay_misc_feat_columns, minmay_vboxes,
          uniq_crazy_yiuf_cottage
D:4:      black_bear_nest_1, layout_layer_cave, serial_forest,
          infiniplex_forest_end_1, infiniplex_forest_clump_curved,
          infiniplex_forest_lined_2, infiniplex_forest_lined_2,
          infiniplex_forest_corner_2, infiniplex_forest_straight_2,
          infiniplex_forest_end_1, infiniplex_forest_clump_double,
          infiniplex_forest_lined_2, infiniplex_forest_lined_corner,
          hangedman_abyss_or_decor_stagger, grunt_ministairs_15, uniq_natasha
D:5:      layout_loops_ring, uniq_grinder, uniq_duvessa
D:6:      layout_layer_cave, fedhas_altar_3, minmay_temple_entry_statues_pillars
D:7:      layout_gridville, hex_tiny
D:8:      layout_rooms, uniq_gastronok
D:9:      layout_loops_ring, orc_david_3, dk_vineyard_2
D:10:     layout_layer_cave, cheibrodos_ashenzari_chains,
          hellmonk_ghost_happy_afterlife, enter_bailey_2, minivault_25,
          uniq_grum
D:11:     hangedman_screamer, layout_irregular_city, erik_lair_orcish_takeover,
          minmay_misc_feat_ornament
D:12:     minmay_spotlight, layout_irregular_city, grunt_ministairs_10
D:13:     layout_rooms, david_vaults_1, nicolae_qazlal_style_of_elements,
          uniq_lodul, uniq_kirke
D:14:     layout_basic, nicolae_kikubaaqudgha_miasma_corner, zin_statuary
D:15:     grunt_enter_depths_hoard, layout_rooms, bloody_trog,
          gammafunk_ghost_berserking_beasts
Lair:1:   beast_lair_carwin_large_4, layout_gridlike,
          nicolae_lair_grove_arrangements, hellmonk_guarded_unrand_vines
Lair:2:   layout_regular_city
Lair:3:   layout_hall_layers, elwin_shoals_entry_rooms,
          nicolae_spider_entry_orb_guardian
Lair:4:   layout_small_grid, minmay_holes, lemuel_centaur_altar
Lair:5:   layout_regular_city, kennysheep_basilisk_garden
Lair:6:   cheibrodos_lair_end_hotspot, layout_regular_city, slime_altar_1,
          serial_bayou_shore_a
Shoals:1: layout_shoals, nicolae_shoals_lost_giant_baths, argonaut_gorgonesque
Shoals:2: layout_shoals, uniq_frances, uniq_polyphemus
Shoals:3: nzn_motion_control, layout_shoals, uniq_bai_suzhen
Shoals:4: shoals_end_hellmonk_storm_palace [storm_palace_center_ruins,
          storm_palace_corner_grid, storm_palace_corner_narrow,
          storm_palace_corner_altar, storm_palace_corner_pillars], serial_shops
Spider:1: layout_chambers, uniq_rupert
Spider:2: layout_chambers, drop_trap
Spider:3: layout_spider_delve, ebering_ghost_xom
Spider:4: johnstein_spider_rune_arachne_lair, uniq_arachne, uniq_nikola
Orc:1:    layout_caves, serial_shops, nicolae_lakefront_shop
Orc:2:    st_orc_rangers, layout_caves, basic_altar, minmay_orc_temple_a
Vaults:1: hangedman_vaults_corner, nicolae_vaults_lopsided_apartments,
          vaults_standard_mumra_enter_the_diamond, v_alt_pattern_5,
          grunt_vaults_funnel, ontoclasm_vaults_claustrophobia,
          vaults_room_semicircle, layout_vaults_omnibox
Vaults:2: minmay_crypt_entry_simple_corners, ontoclasm_vaults_hangar,
          v_pattern_1, vaults_standard_mumra_lines, vaults_room_hallway,
          v_misc_10, v_misc_11, ontoclasm_vaults_gateway,
          ontoclasm_vaults_hangar, hangedman_vaults_cutoff,
          layout_vaults_quadrants, nicolae_trove_entry_crossroad

Skill      XL: |  1  2  3  4  5  6  7  8  9 10 11 12 13 14 15 16 17 |
---------------+----------------------------------------------------+-----
Crossbows      | 4 5 6 8 9 10 11 13 15 16 17 18 19 | 19.9
Fighting       | 3 6 8 9 11 12 13 14 15 16 | 16.5
Armour         | 5 8 12 13 14 15 | 15.6
Dodging        | 4 7 9 10 11 12 | 12.8
Evocations     | 4 6 8 |  8.3
Stealth        | |  0.8

Action                   |  1- 3 |  4- 6 |  7- 9 | 10-12 | 13-15 | 16-18 || total
-------------------------+-------+-------+-------+-------+-------+-------++-------
Melee: Arbalest          |       |       |       |       |       |     1 ||     1
 Fire: Hand crossbow     |   104 |   165 |   282 |       |       |       ||   551
       Arbalest          |       |       |    41 |   426 |   721 |  1010 ||  2198
       Triple crossbow   |       |       |       |       |   264 |       ||   264
Throw: Throwing net      |       |       |       |     1 |       |       ||     1
Evoke: Lightning rod     |       |       |       |       |       |     4 ||     4
  Use: Scroll            |       |     6 |     4 |    10 |     7 |     4 ||    31
       Potion            |       |       |       |     3 |       |     1 ||     4
Armor: Leather armour    |    13 |       |       |       |       |       ||    13
       Ring mail         |       |    50 |    46 |       |       |       ||    96
       Scale mail        |       |       |    54 |    46 |   163 |   274 ||   537
       Acid dragon scale |       |       |       |       |    25 |       ||    25
Dodge: Dodged            |    23 |    55 |   111 |    93 |   523 |   794 ||  1599

Table legend: (Time is in decaauts)
 A = Elapsed time spent in this place.
 B = Non-inter-level travel time spent in this place.
 C = Inter-level travel time spent in this place.
 D = Time resting spent in this place.
 E = Time spent auto-exploring this place.
 F = Levels seen in this place.
 G = Mean time per level.
                   A        B        C        D        E       F      G
               +--------+--------+--------+--------+--------+-----+--------+
         Total |  45194 |  42774 |   2420 |   5050 |  31318 |  34 | 1329.2 |
       Dungeon |  19557 |  18410 |   1147 |   2375 |  13680 |  15 | 1303.8 |
          Lair |   6749 |   6079 |    670 |    337 |   4873 |   6 | 1124.8 |
        Shoals |   5597 |   5354 |    243 |    769 |   3412 |   4 | 1399.2 |
   Spider Nest |   6760 |   6534 |    226 |    979 |   4587 |   4 | 1690.0 |
  Orcish Mines |   2168 |   2094 |     74 |    590 |   1149 |   2 | 1084.0 |
        Vaults |   3757 |   3699 |     58 |      0 |   3295 |   2 | 1878.5 |
        Bailey |    605 |    605 |      0 |      0 |    321 |   1 |  605.0 |
               +--------+--------+--------+--------+--------+-----+--------+

Top non-repeatable levels by time:
Vaults:1: 2826 daAuts
     D:4: 2231 daAuts
    D:10: 1917 daAuts
Shoals:4: 1892 daAuts
Spider:4: 1808 daAuts
Spider:2: 1800 daAuts
    D:13: 1757 daAuts
    D:14: 1754 daAuts
Spider:1: 1694 daAuts
Shoals:1: 1627 daAuts
  Lair:4: 1569 daAuts
     D:5: 1551 daAuts
     D:6: 1507 daAuts
  Lair:6: 1507 daAuts
    D:11: 1495 daAuts
